 Dungeon Crawl Stone Soup version 0.31-a0-472-g43a2ca8e1b (webtiles) character file.

Game seed: 12702655963329318311

60 Ethylacetat the Insei (level 4, -4/29 HPs)
             Began as an Octopode Shapeshifter on Aug 6, 2023.
             Slain by Terence
             ... wielding a +0 flail
              (8 damage)
             ... on level 2 of the Dungeon.
             The game lasted 00:01:19 (1176 turns).

Ethylacetat the Insei (Octopode Shapeshifter)       Turns: 1176, Time: 00:01:19

Health: -4/29      AC:  1    Str: 14    XL:     4   Next: 4%
Magic:  4/4        EV: 13    Int: 10    God:
Gold:   47         SH:  0    Dex: 14    Spells: 3/3 levels left

rFire   . . .        d - +1 dagger (elec)
rCold   . . .        (no shield)
rNeg    . . .        (helmet currently unavailable)
rPois   .            (no amulet)
rElec   .            (no ring)
rCorr   .            (no ring)
SInv    .            (no ring)
Will    .....        (no ring)
Stlth   ++           (no ring)
HPRegen 0.24/turn    (no ring)
MPRegen 0.09/turn    (no ring)
                     (no ring)

%: no passive effects
@: beast-form
A: beast (slay +2), almost no armour, amphibious, 8 rings, camouflage 1,
gelatinous body 1, (nimble swimmer 1), tentacles
a: Begin Untransformation


You were on level 2 of the Dungeon.
You were a hulking beast.
You visited 1 branch of the dungeon, and saw 2 of its levels.

You collected 47 gold pieces.

Inventory:

Hand Weapons
 d - a +1 dagger of electrocution (weapon)
Talismans
 b - a beast talisman (active)
Scrolls
 e - a scroll of identify {unknown}
 g - a scroll of teleportation {unknown}
 h - 3 scrolls of acquirement {unknown}
 j - a scroll of amnesia {unknown}
Potions
 a - 3 potions of lignification
 c - 2 potions of attraction {unknown}
 f - a potion of experience {unknown}
 i - a potion of ambrosia {unknown}


   Skills:
 + Level 1.9 Fighting
 + Level 2.6 Dodging
 + Level 3.5 Unarmed Combat
 + Level 3.3 Shapeshifting


You had 3 spell levels left.
You didn't know any spells.
Your spell library contained the following spells:

 Spells                   Type           Power      Damage    Failure   Level
 Apportation              Tloc           0%         N/A       36%         1
 Cigotuvi's Dreadful Rot  Necr/Pois/Air  0%         N/A       50%         2
 Dispel Undead            Necr           0%         3d6       98%         4
 Alistair's Intoxication  Tmut/Pois      0%         N/A       100%        5
 Death Channel            Necr           0%         N/A       100%        6


Dungeon Overview and Level Annotations

Branches:
Dungeon (2/15)

Altars:
Elyvilon

Shops:
D:1 *

Annotations:
D:2 Terence


Innate Abilities, Weirdness & Mutations

You are a hulking beast.
Your limbs bulge with bestial killing power. (Slay +2)
You cannot wear most types of armour.
You are amphibious.
You can wear up to eight rings at the same time.
Your skin changes colour to match your surroundings (Stealth+).
Your rubbery body absorbs attacks. (AC +1, EV +1)
((You are camouflaged when in or above water. (Stealth+)))
You have tentacles for arms and can constrict up to eight enemies at once.


Message History

Found a stone staircase leading down.
No target in view!
There is a stone staircase leading down here.
As you open the door, it creaks loudly!
No target in view!
There is an open door here.
You open the door.
A dart slug comes into view.
A dart slug is nearby!
You hit the dart slug. You grab the dart slug.
The dart slug is severely wounded.
You constrict the dart slug. The dart slug bites you.
A dart slug is nearby!
You hit the dart slug but do no damage.
The dart slug is almost dead.
You constrict the dart slug.
You kill the dart slug!
Terence the Incautious comes into view.
He is wielding a +0 flail.
Terence is nearby!
Terence shouts!
Terence is nearby!
Terence is nearby!
Terence hits you with a +0 flail!
You closely miss Terence. You grab Terence. You squeeze Terence.
Terence is lightly wounded.
You constrict Terence, but do no damage.
Terence hits you with a +0 flail!
You are too injured to fight recklessly!
You are too injured to fight recklessly!
Unknown command.
You hit Terence but do no damage. You squeeze Terence!
Terence is heavily wounded.
You constrict Terence, but do no damage.
Terence hits you with a +0 flail.
* * * LOW HITPOINT WARNING * * *
You barely miss Terence.
Terence is heavily wounded.
You constrict Terence, but do no damage.
Terence hits you with a +0 flail!
You die...

##........
#.........
#####.........
#...#.........
#...#.###'###.
#####...#.# #.# #.
# ..........#
#.###.
#####.#####...###
#.....
......@h......#
######
#####.....#...#
#... ###...#.#.#
##.# #.....#.# #.#
#..##.#.########.#
#.....#.#.........
##.####.#........#
#.# .....###### ..


You could see Terence.

Vanquished Creatures
  2 adders (D:2)
  A dart slug (D:2)
  2 ball pythons (D:2)
  6 endoplasms
  5 giant cockroaches
  3 goblins
  3 hobgoblins (D:1)
  4 jackals
  A kobold (D:1)
  A quokka (D:1)
  3 bats
  2 rats (D:1)
33 creatures vanquished.

Notes
Turn   | Place    | Note
-------+----------+-------------------------------------------
     0 | D:1      | Ethylacetat the Octopode Shapeshifter began the quest for
                  | the Orb.
     0 | D:1      | Reached XP level 1. HP: 13/13 MP: 1/1
    33 | D:1      | Found a faded altar of an unknown god.
    47 | D:1      | Prayed at the altar of an unknown god.
    47 | D:1      | Became a worshipper of Elyvilon the Healer
    47 | D:1      | Reached * piety under Elyvilon
    48 | D:1      | Fell from the grace of Elyvilon
    73 | D:1      | Reached XP level 2. HP: 15/18 MP: 2/2
   642 | D:1      | Reached XP level 3. HP: 23/23 MP: 3/3
   694 | D:1      | Found Vuuffu's Assorted Antiques.
  1095 | D:2      | Reached XP level 4. HP: 29/29 MP: 4/4
  1169 | D:2      | Noticed Terence
  1176 | D:2      | Slain by Terence

Illustrated notes

Levels and vault maps discovered:
D:1:      dpeg_arrival_connections, layout_basic,
          dreamdust_ecumenical_altar_statues, serial_shops,
          nicolae_shop_just_a_little_nook
D:2:      layout_basic, basic_altar, uniq_terence

Action                     |  1- 3 |  4- 6 || total
---------------------------+-------+-------++-------
  Melee: Unarmed           |    20 |       ||    20
         Constrict         |    12 |     2 ||    14
         Tentacles         |     9 |     2 ||    11
         Punch             |     2 |       ||     2
         Dagger            |    34 |     5 ||    39
 Invoke: Renounce Religion |     1 |       ||     1
   Stab: Sleeping          |    10 |       ||    10
 Armour: Skin              |     3 |       ||     3
  Dodge: Dodged            |    29 |       ||    29

Table legend: (Time is in decaauts)
 A = Elapsed time spent in this place.
 B = Non-inter-level travel time spent in this place.
 C = Inter-level travel time spent in this place.
 D = Time resting spent in this place.
 E = Time spent auto-exploring this place.
 F = Levels seen in this place.
 G = Mean time per level.
                   A        B        C        D        E       F      G
               +--------+--------+--------+--------+--------+-----+--------+
         Total |   1174 |   1132 |     42 |      0 |    938 |   2 |  587.0 |
       Dungeon |   1174 |   1132 |     42 |      0 |    938 |   2 |  587.0 |
               +--------+--------+--------+--------+--------+-----+--------+

Top non-repeatable levels by time:
     D:1: 742 daAuts
     D:2: 431 daAuts
